 Dungeon Crawl Stone Soup version 0.28-a0-883-gc8d7bad45d (webtiles) character file.

Game seed: 18224353357410960338

182 mandarbmax the Grasshopper (level 5, 0/43 HPs)
             Began as a Gnoll Warper on Nov 21, 2021.
             Slain by an orc wizard (3 damage)
             ... on level 3 of the Dungeon.
             The game lasted 00:04:14 (2744 turns).

mandarbmax the Grasshopper (Gnoll Warper)           Turns: 2744, Time: 00:04:15

Health: 0/43       AC:  3    Str: 11 (12) XL:     5   Next: 61%
Magic:  4/12       EV: 12    Int:  9 (12) God:
Gold:   171        SH:  0    Dex:  9 (11) Spells: 9/14 levels left

rFire   . . .      SeeInvis .   a - +0 mace
rCold   . . .      Faith    .   (no shield)
rNeg    . . .      Spirit   .   b - +0 leather armour
rPois   .          Reflect  .   (no helmet)
rElec   .          Harm     .   (no cloak)
rCorr   +          Rampage  .   (no gloves)
Will    .....                   (no boots)
Stlth   +.........              (no amulet)
HPRegen 0.14/turn               p - ring of resist corrosion
MPRegen 0.13/turn               (no ring)

@: flying
A: fangs 1, strong nose, distributed training
a: no special abilities


You were on level 3 of the Dungeon.
You visited 1 branch of the dungeon, and saw 3 of its levels.

You collected 171 gold pieces.

Inventory:

Hand Weapons
 a - a +0 mace (weapon)
Missiles
 d - 4 boomerangs of dispersal
 i - 14 poisoned darts (quivered)
 l - a throwing net
Armour
 b - a +0 leather armour (worn)
 m - a +0 pair of boots
Jewellery
 j - a ring of ice
 p - a ring of resist corrosion (left hand)
Wands
 q - a wand of polymorph (11)
Scrolls
 c - a scroll of blinking
 e - a scroll of amnesia {unknown}
 f - 2 scrolls of fear {unknown}
 k - 4 scrolls of teleportation {unknown}
 o - a scroll of vulnerability {unknown}
Potions
 n - a potion of curing {unknown}


   Skills:
 + Level 4.8 Fighting
 + Level 1.5 Short Blades
 + Level 1.5 Long Blades
 + Level 1.5 Axes
 + Level 4.8 Maces & Flails
 + Level 1.5 Polearms
 + Level 1.5 Staves
 + Level 1.5 Slings
 + Level 1.5 Bows
 + Level 1.5 Crossbows
 + Level 3.0 Throwing
 + Level 3.0 Armour
 + Level 4.8 Dodging
 + Level 1.5 Stealth
 + Level 1.5 Shields
 + Level 1.5 Unarmed Combat
 + Level 5.2 Spellcasting
 + Level 1.2 Conjurations
 + Level 1.2 Hexes
 + Level 1.2 Summonings
 + Level 1.2 Necromancy
 + Level 5.5 Translocations
 + Level 1.2 Transmutations
 + Level 1.2 Fire Magic
 + Level 1.2 Ice Magic
 + Level 1.2 Air Magic
 + Level 1.2 Earth Magic
 + Level 1.2 Poison Magic
 + Level 1.7 Invocations
 + Level 1.5 Evocations


You had 9 spell levels left.
You knew the following spells:

 Your Spells              Type           Power      Damage    Failure   Level
a - Blink                 Tloc           24%        N/A       4%          2
b - Gell's Gravitas       Tloc           12%        N/A       10%         3

Your spell library contained the following spells:

 Spells                   Type           Power      Damage    Failure   Level
 Lesser Beckoning         Tloc           12%        N/A       10%         3
 Teleport Other           Tloc           12%        N/A       10%         3
 Pain                     Necr           16%        1d4       19%         1
 Summon Small Mammal      Summ           16%        N/A       19%         1
 Call Canine Familiar     Summ           4%         N/A       50%         3
 Summon Guardian Golem    Hex/Summ       4%         N/A       50%         3
 Manifold Assault         Tloc           12%        N/A       65%         5
 Agony                    Necr           4%         N/A       99%         5
 Excruciating Wounds      Necr           2%         N/A       99%         5


Dungeon Overview and Level Annotations

Branches:
Dungeon (3/15)

Altars:

Shops:
D:2 (


Innate Abilities, Weirdness & Mutations

You have very sharp teeth.
Your uncanny sense of smell can sniff out nearby items.
Your experience applies equally to all skills.


Message History

You kill the orc!
You barely miss the orc priest.
The orc priest is severely wounded.
The orc priest begins to cast a cantrip, but forgets the words!
You closely miss the orc priest.
You bite the orc priest, but do no damage.
The orc priest is severely wounded.
The orc priest hits you with a +0 whip. x2
You sock the orc priest!
You kill the orc priest!
You miss something. Something hits you.
You closely miss something. Something hits you.
You closely miss something. Something hits you. x2
You miss something. You bite something. Something hits you.
You barely miss something. Something hits you.
You closely miss something.
You hear some strange, mumbled words.
Something tries to affect you, but you resist.
You miss something. Your bite misses something. Something hits you.
* * * LOW HITPOINT WARNING * * *
You miss something.
You hear some strange, mumbled words.
Something tries to affect you, but you resist.
You closely miss something. Something hits you but does no damage.
You miss something. Something hits you.
* * * LOW HITPOINT WARNING * * *
Something barely misses you.
You hit something. Something hits you.
* * * LOW HITPOINT WARNING * * *
You hit something. Something hits you.
* * * LOW HITPOINT WARNING * * *
It was a potion of flight.
You feel very buoyant.
You fly up into the air.
Something hits you.
* * * LOW HITPOINT WARNING * * *
It was a potion of degeneration.
There was something very wrong with that liquid.
You feel weakened.
You feel dopey.
You feel clumsy. Something hits you.
You die...

## #.#
..# #.#
.. ####
#.#
####.#
...###.#
#."(.#
#†..##.#
#....
.....#.#
...
.....(.#
#(#
.....###
#{#
#...##
#@#
##.##
#.# .#.#
#.# .#.#
#.# .#.#
#.# .#.#
#.# .#.#
#####.#
.#.#
#.....#
.#.#
#.#####


There were no monsters in sight!

Vanquished Creatures
  A jelly (D:3)
  2 orc priests (D:3)
  Terence (D:2)
  3 adders
  4 orcs (D:3)
  3 bats
  An endoplasm (D:1)
  6 goblins
  2 hobgoblins
  3 kobolds
  A quokka (D:3)
  5 ball pythons
  5 frilled lizards
  5 rats
42 creatures vanquished.

Notes
Turn   | Place    | Note
-------+----------+-------------------------------------------
     0 | D:1      | mandarbmax the Gnoll Warper began the quest for the Orb.
     0 | D:1      | Reached XP level 1. HP: 20/20 MP: 6/6
   538 | D:1      | Reached XP level 2. HP: 22/26 MP: 7/7
   599 | D:1      | Found a faded altar of an unknown god.
   938 | D:2      | Learned a level 2 spell: Blink
  1002 | D:2      | Reached XP level 3. HP: 23/31 MP: 9/9
  1178 | D:2      | Noticed Terence
  1185 | D:2      | Killed Terence
  1186 | D:2      | Reached skill level 5 in Spellcasting
  1186 | D:2      | Reached skill level 1 in Invocations
  1208 | D:2      | Reached skill level 1 in Short Blades
  1208 | D:2      | Reached skill level 1 in Long Blades
  1208 | D:2      | Reached skill level 1 in Axes
  1208 | D:2      | Reached skill level 1 in Polearms
  1208 | D:2      | Reached skill level 1 in Staves
  1208 | D:2      | Reached skill level 1 in Slings
  1208 | D:2      | Reached skill level 1 in Bows
  1208 | D:2      | Reached skill level 1 in Crossbows
  1208 | D:2      | Reached skill level 1 in Stealth
  1208 | D:2      | Reached skill level 1 in Shields
  1208 | D:2      | Reached skill level 1 in Unarmed Combat
  1208 | D:2      | Reached skill level 1 in Evocations
  1540 | D:2      | Found Ciynymy's Antique Weapon Boutique.
  1769 | D:3      | Reached XP level 4. HP: 31/38 MP: 11/11
  1840 | D:3      | Learned a level 3 spell: Gell's Gravitas
  1939 | D:3      | Reached skill level 1 in Conjurations
  1939 | D:3      | Reached skill level 1 in Hexes
  1939 | D:3      | Reached skill level 1 in Summonings
  1939 | D:3      | Reached skill level 1 in Necromancy
  1939 | D:3      | Reached skill level 1 in Transmutations
  1939 | D:3      | Reached skill level 1 in Fire Magic
  1939 | D:3      | Reached skill level 1 in Ice Magic
  1939 | D:3      | Reached skill level 1 in Air Magic
  1939 | D:3      | Reached skill level 1 in Earth Magic
  1939 | D:3      | Reached skill level 1 in Poison Magic
  1998 | D:3      | Reached XP level 5. HP: 38/43 MP: 5/12
  2744 | D:3      | Slain by an orc wizard

Illustrated notes

Levels and vault maps discovered:
D:1:      amcnicky_arrival_blooded_trapdoor, layout_basic,
          shapermc_ecumenical_altar_mp_ritualfount,
          chequers_serial_rivers_large_b
D:2:      layout_loops_ring, serial_shops, nicolae_lakefront_shop, uniq_terence
D:3:      layout_loops_ring

Skill      XL: |  1  2  3  4  5 |
---------------+----------------+-----
Spellcasting   | 5 |  5.2
Invocations    | 1 |  1.7
Short Blades   | 1 |  1.5
Long Blades    | 1 |  1.5
Axes           | 1 |  1.5
Polearms       | 1 |  1.5
Staves         | 1 |  1.5
Slings         | 1 |  1.5
Bows           | 1 |  1.5
Crossbows      | 1 |  1.5
Stealth        | 1 |  1.5
Shields        | 1 |  1.5
Unarmed Combat | 1 |  1.5
Evocations     | 1 |  1.5
Conjurations   | 1 |  1.2
Hexes          | 1 |  1.2
Summonings     | 1 |  1.2
Necromancy     | 1 |  1.2
Transmutations | 1 |  1.2
Fire Magic     | 1 |  1.2
Ice Magic      | 1 |  1.2
Air Magic      | 1 |  1.2
Earth Magic    | 1 |  1.2
Poison Magic   | 1 |  1.2
Throwing       | 3 |  3.0
Armour         | 3 |  3.0
Fighting       | |  4.8
Maces & Flails | |  4.8
Dodging        | |  4.8
Translocations | |  5.5

Action                   |  1- 3 |  4- 6 || total
-------------------------+-------+-------++-------
Melee: Mace              |    64 |    69 ||   133
       Bite              |     2 |     6 ||     8
       Punch             |       |     2 ||     2
Throw: Boomerang         |     1 |       ||     1
       Dart              |     8 |    13 ||    21
 Cast: Gell's Gravitas   |       |     5 ||     5
       Blink             |       |     1 ||     1
  Use: Potion            |       |     2 ||     2
 Stab: Sleeping          |       |     1 ||     1
Armor: Leather armour    |    11 |    12 ||    23
Dodge: Dodged            |    33 |    30 ||    63

Table legend: (Time is in decaauts)
 A = Elapsed time spent in this place.
 B = Non-inter-level travel time spent in this place.
 C = Inter-level travel time spent in this place.
 D = Time resting spent in this place.
 E = Time spent auto-exploring this place.
 F = Levels seen in this place.
 G = Mean time per level.
                   A        B        C        D        E       F      G
               +--------+--------+--------+--------+--------+-----+--------+
         Total |   2788 |   2728 |     60 |     10 |   2391 |   3 |  929.3 |
       Dungeon |   2788 |   2728 |     60 |     10 |   2391 |   3 |  929.3 |
               +--------+--------+--------+--------+--------+-----+--------+

Top non-repeatable levels by time:
     D:3: 1000 daAuts
     D:1: 966 daAuts
     D:2: 821 daAuts
